LOS ANGELES Kings vs ARIZONA Coyotes

Created - 18 février 2024 at 08:14

Goals
1 2 3 T
LOS ANGELES Kings 0 1 1 2
ARIZONA Coyotes 3 2 0 5
Shots
1 2 3 T
LOS ANGELES Kings 14 2 9 25
ARIZONA Coyotes 12 15 13 40

1st period

1. ARIZONA Coyotes , Auston Matthews 3 (Vladislav Gavrikov 3, Roman Josi 9) at 0:14
2. ARIZONA Coyotes , Mark Scheifele 2 (Ryan Nugent-Hopkins 5, Rickard Rakell 2) at 8:51
3. ARIZONA Coyotes , Artemi Panarin 1 (Sam Reinhart 1, Vladislav Gavrikov 4) at 14:07

Penalties :
No Penalty

2nd period

4. ARIZONA Coyotes , Artemi Panarin 2 (Sam Reinhart 2, Jonas Siegenthaler 3) at 8:10
5. LOS ANGELES Kings , Dawson Mercer 3 (Marc Staal 1, Jonathan Huberdeau 4) at 8:43
6. ARIZONA Coyotes , Auston Matthews 4 (Scott Mayfield 1) at 10:13 (PP)

Penalties :
Marcus Pettersson (LAK) for Cross-checking (Minor) at 4:39, Mitchell Marner (LAK) for Hooking (Minor) at 9:40, Rem Pitlick (LAK) for Tripping (Minor) at 11:24, Marcus Pettersson (LAK) for High sticking (Minor) at 11:50

3rd period

7. LOS ANGELES Kings , Hampus Lindholm 4 (Dominik Kubalik 1, Mark Stone 2) at 19:27

Penalties :
Scott Mayfield (ARI) for Interference (Minor) at 2:36, Vladislav Gavrikov (ARI) for Hooking (Minor) at 10:31

Goalie Stats

Vitek Vanecek (LAK), 15 saves from 20 shots - (0,750), L, 4-3-0, 30:13 minutes
Kaapo Kahkonen (LAK), 20 saves from 20 shots - (1,000), 29:47 minutes
Andrei Vasilevskiy (ARI), 23 saves from 25 shots - (0,920), W, 5-2-0, 60:00 minutes

Players Stats for LOS ANGELES Kings

Player Name              G  A  P  +/- PIM S  H  SB GA TA FO     MP     PP MP  PK MP  
------------------------------------------------------------------------------------
Anze Kopitar             0  0  0   0  0   2  2  0  0  0  15/26  21:56   2:03   3:09 
Calle Rosen              0  0  0  -1  0   1  3  0  0  0  0/0    14:42   0:00   0:52 
Carl Grundstrom          0  0  0   0  0   0  2  0  0  0  0/0    12:35   0:00   0:00 
Dawson Mercer            1  0  1  -1  0   4  1  0  0  0  8/21   18:31   0:00   0:00 
Dominik Kubalik          0  1  1   0  0   1  0  1  0  0  2/4    18:46   1:55   0:07 
Drew Doughty             0  0  0  -2  0   1  1  2  0  0  0/0    24:02   1:42   1:22 
Hampus Lindholm          1  0  1   1  0   4  0  2  0  0  0/0    21:39   2:16   3:06 
Joel Kiviranta           0  0  0  -1  0   0  1  0  0  0  2/8     3:15   0:00   0:00 
Jonathan Huberdeau       0  1  1  -1  0   2  1  0  0  0  1/2    20:50   2:03   0:16 
Marc Staal               0  1  1  -2  0   1  1  0  0  0  0/0    19:34   0:00   0:16 
Marcus Pettersson        0  0  0  -1  4   1  3  3  0  0  0/0    16:45   2:16   0:40 
Mark Stone               0  1  1   0  0   2  1  1  0  0  0/2    18:54   2:03   0:07 
Mitchell Marner          0  0  0  -2  2   1  0  1  0  0  0/3    25:07   1:55   1:27 
Oskar Sundqvist          0  0  0   0  0   3  1  0  0  0  6/15   12:56   0:00   0:21 
Parker Kelly             0  0  0   0  0   0  0  0  0  0  0/0     0:00   0:00   0:00 
Pierre Engvall           0  0  0  -1  0   1  3  0  0  0  0/2     8:11   1:55   3:01 
Rasmus Andersson         0  0  0   1  0   0  0  0  0  0  0/0    23:09   1:42   3:30 
Rem Pitlick              0  0  0   0  2   1  0  0  0  0  0/0    12:34   0:00   0:00 

Players Stats for ARIZONA Coyotes

Player Name              G  A  P  +/- PIM S  H  SB GA TA FO     MP     PP MP  PK MP  
------------------------------------------------------------------------------------
Alec Martinez            0  0  0   0  0   2  0  1  0  0  0/0    18:33   0:00   2:07 
Artemi Panarin           2  0  2   2  0   2  2  0  0  0  2/4    23:02   2:41   0:00 
Auston Matthews          2  0  2   2  0   10 2  0  0  0  14/24  23:14   2:41   0:12 
Brandon Sutter           0  0  0   0  0   1  0  1  0  0  11/14   8:44   0:00   2:33 
Frederick Gaudreau       0  0  0  -1  0   0  0  0  0  0  5/9    11:00   0:00   1:29 
Garnet Hathaway          0  0  0   0  0   2  1  0  0  0  0/0     6:11   0:00   0:00 
Jonas Siegenthaler       0  1  1   0  0   1  0  0  0  0  0/0    18:17   0:00   1:51 
Mark Scheifele           1  0  1   1  0   2  0  0  0  0  11/21  17:34   2:32   0:00 
Michael Bunting          0  0  0  -1  0   1  1  0  0  0  0/0    12:12   2:41   0:00 
Mikey Anderson           0  0  0  -1  0   1  2  1  0  0  0/0    15:20   0:00   1:51 
Nick Bonino              0  0  0   0  0   3  0  0  0  0  0/0     6:11   0:00   0:00 
Rickard Rakell           0  1  1   1  0   5  1  0  0  0  1/3    18:53   2:16   1:35 
Roman Josi               0  1  1   3  0   3  3  1  0  0  0/0    23:38   2:16   0:12 
Ryan Hartman             0  0  0  -1  0   2  1  0  0  0  0/0    11:56   2:25   0:00 
Ryan Nugent-Hopkins      0  1  1   1  0   2  3  0  0  0  0/1    19:25   2:16   2:07 
Sam Reinhart             0  2  2   2  0   1  0  0  0  0  5/7    22:37   2:16   0:00 
Scott Mayfield           0  1  1  -1  2   2  0  1  0  0  0/0    18:10   2:41   0:51 
Vladislav Gavrikov       0  2  2   3  2   0  1  3  0  0  0/0    21:03   0:00   1:04 

3 Stars

1 - Auston Matthews (ARI)
2 - Artemi Panarin (ARI)
3 - Roman Josi (ARI)

Power Play

LOS ANGELES Kings - 0 on 2 Attempt(s) - 0,00%
ARIZONA Coyotes - 1 on 4 Attempt(s) - 25,00%

Penalty Kill

LOS ANGELES Kings - 3 on 4 Attempt(s) - 75,00% - Score 0 goal in Penalty Kill
ARIZONA Coyotes - 2 on 2 Attempt(s) - 100,00% - Score 0 goal in Penalty Kill

Team Stat

LOS ANGELES Kings - Hits : 20 - Faceoff Wins : 34 - Blocked Shots : 10 - Penalty Minutes : 8
ARIZONA Coyotes - Hits : 17 - Faceoff Wins : 49 - Blocked Shots : 8 - Penalty Minutes : 4

Official

Referees : Anniina Nurmi and Garrett Rank
Linesman : Anna Hammar and Jessica Chartrand

Game Notes

Kaapo Kahkonen enters game at 10:13 of 2nd period

Finance

Level 1 -- Attendance: 6557 (93,67%) -- Ticket Income $616,358
Level 2 -- Attendance: 5460 (91,00%) -- Ticket Income $294,840
Level 3 -- Attendance: 2819 (70,48%) -- Ticket Income $67,656
Level 4 -- Attendance: 4312 (71,87%) -- Ticket Income $60,368
Luxury Box -- Attendance: 1000 (100,00%) -- Ticket Income $154,000
Game was played at the Gila River Arena.
Total Attendance: 20148 (83,95%)
Total Ticket Income: $1,193,222
Other Income: $298,306
Total Income: $1,491,528

LOS ANGELES Kings

5 vs 5 Forward 
   Center                   Left Wing                Right Wing               Time % Phy DF OF 
 1 Dawson Mercer            Jonathan Huberdeau       Mitchell Marner          40     1   2  2  
 2 Anze Kopitar             Dominik Kubalik          Mark Stone               30     1   2  2  
 3 Oskar Sundqvist          Carl Grundstrom          Rem Pitlick              20     1   2  2  
 4 Joel Kiviranta           Pierre Engvall           Mitchell Marner          10     1   2  2  

5 vs 5 Defense 
   Defense                  Defense                                           Time % Phy DF OF 
 1 Drew Doughty             Marc Staal                                        40     1   2  2  
 2 Rasmus Andersson         Hampus Lindholm                                   30     1   2  2  
 3 Marcus Pettersson        Calle Rosen                                       20     1   2  2  
 4 Drew Doughty             Rasmus Andersson                                  10     1   2  2  

PowerPlay Forward 
   Center                   Left Wing                Right Wing               Time % Phy DF OF 
 1 Pierre Engvall           Mitchell Marner          Dominik Kubalik          60     1   1  3  
 2 Anze Kopitar             Jonathan Huberdeau       Mark Stone               40     1   1  3  

PowerPlay Defense
   Defense                  Defense                                           Time % Phy DF OF 
 1 Drew Doughty             Rasmus Andersson                                  60     1   2  2  
 2 Marcus Pettersson        Hampus Lindholm                                   40     1   2  2  

Penalty Kill 4 Players Forward 
   Center                   Wing                     Time % Phy DF OF 
 1 Mitchell Marner          Pierre Engvall           60     1   2  2  
 2 Anze Kopitar             Jonathan Huberdeau       40     1   2  2  

Penalty Kill 4 Players Defense
   Defense                  Defense                  Time % Phy DF OF 
 1 Marcus Pettersson        Rasmus Andersson         60     1   2  2  
 2 Hampus Lindholm          Drew Doughty             40     1   2  2  

Penalty Kill - 3 Players Forward 
   Forward                                           Time % Phy DF OF 
 1 Anze Kopitar                                      60     1   2  2  
 2 Mitchell Marner                                   40     1   2  2  

Penalty Kill - 3 Players Defense
   Defense                  Defense                  Time % Phy DF OF 
 1 Marcus Pettersson        Rasmus Andersson         60     1   2  2  
 2 Drew Doughty             Hampus Lindholm          40     1   2  2  

4 vs 4 Forward 
   Center                   Wing                     Time % Phy DF OF 
 1 Anze Kopitar             Mitchell Marner          60     1   2  2  
 2 Mark Stone               Jonathan Huberdeau       40     1   2  2  

4 vs 4 Defense
   Defense                  Defense                  Time % Phy DF OF 
 1 Drew Doughty             Rasmus Andersson         60     1   2  2  
 2 Marcus Pettersson        Hampus Lindholm          40     1   2  2  

Last Minutes Offensive
   Center                   Left Wing                Right Wing               Defense                  Defense                  
   Anze Kopitar             Jonathan Huberdeau       Mitchell Marner          Drew Doughty             Rasmus Andersson         

Last Minutes Defensive
   Center                   Left Wing                Right Wing               Defense                  Defense                  
   Dawson Mercer            Mitchell Marner          Pierre Engvall           Drew Doughty             Rasmus Andersson         

Goaltenders
Starting : Vitek Vanecek            
Backup : Kaapo Kahkonen           

Extra Forwards
Normal : Anze Kopitar, Mitchell Marner, Jonathan Huberdeau - PP : Anze Kopitar, Mitchell Marner - PK : Mitchell Marner
Extra Defensemen
Normal : Marcus Pettersson, Drew Doughty, Rasmus Andersson - PP : Marcus Pettersson - PK : Drew Doughty, Rasmus Andersson
Penalty Shots
Mitchell Marner, Jonathan Huberdeau, Mark Stone, Anze Kopitar, Dawson Mercer

Scratches
None

ARIZONA Coyotes

5 vs 5 Forward 
   Center                   Left Wing                Right Wing               Time % Phy DF OF 
 1 Auston Matthews          Artemi Panarin           Sam Reinhart             45     1   1  3  
 2 Mark Scheifele           Ryan Nugent-Hopkins      Rickard Rakell           35     1   1  3  
 3 Frederick Gaudreau       Michael Bunting          Ryan Hartman             20     1   2  2  
 4 Brandon Sutter           Nick Bonino              Garnet Hathaway          0      2   3  0  

5 vs 5 Defense 
   Defense                  Defense                                           Time % Phy DF OF 
 1 Roman Josi               Vladislav Gavrikov                                43     1   2  2  
 2 Alec Martinez            Jonas Siegenthaler                                32     1   2  2  
 3 Mikey Anderson           Scott Mayfield                                    25     1   2  2  
 4 Roman Josi               Scott Mayfield                                    0      1   2  2  

PowerPlay Forward 
   Center                   Left Wing                Right Wing               Time % Phy DF OF 
 1 Auston Matthews          Artemi Panarin           Mark Scheifele           80     0   1  4  
 2 Sam Reinhart             Rickard Rakell           Ryan Hartman             20     1   1  3  

PowerPlay Defense
   Defense                  Defense                                           Time % Phy DF OF 
 1 Roman Josi               Ryan Nugent-Hopkins                               80     0   2  3  
 2 Scott Mayfield           Michael Bunting                                   20     1   2  2  

Penalty Kill 4 Players Forward 
   Center                   Wing                     Time % Phy DF OF 
 1 Brandon Sutter           Ryan Nugent-Hopkins      68     1   3  1  
 2 Frederick Gaudreau       Nick Bonino              32     1   4  0  

Penalty Kill 4 Players Defense
   Defense                  Defense                  Time % Phy DF OF 
 1 Vladislav Gavrikov       Alec Martinez            69     1   3  1  
 2 Mikey Anderson           Jonas Siegenthaler       31     2   3  0  

Penalty Kill - 3 Players Forward 
   Forward                                           Time % Phy DF OF 
 1 Brandon Sutter                                    60     1   4  0  
 2 Frederick Gaudreau                                40     1   3  1  

Penalty Kill - 3 Players Defense
   Defense                  Defense                  Time % Phy DF OF 
 1 Scott Mayfield           Alec Martinez            60     2   3  0  
 2 Scott Mayfield           Jonas Siegenthaler       40     2   3  0  

4 vs 4 Forward 
   Center                   Wing                     Time % Phy DF OF 
 1 Auston Matthews          Artemi Panarin           60     1   2  2  
 2 Mark Scheifele           Ryan Nugent-Hopkins      40     1   2  2  

4 vs 4 Defense
   Defense                  Defense                  Time % Phy DF OF 
 1 Roman Josi               Scott Mayfield           60     1   2  2  
 2 Alec Martinez            Jonas Siegenthaler       40     1   2  2  

Last Minutes Offensive
   Center                   Left Wing                Right Wing               Defense                  Defense                  
   Auston Matthews          Artemi Panarin           Sam Reinhart             Roman Josi               Ryan Nugent-Hopkins      

Last Minutes Defensive
   Center                   Left Wing                Right Wing               Defense                  Defense                  
   Brandon Sutter           Frederick Gaudreau       Garnet Hathaway          Vladislav Gavrikov       Alec Martinez            

Goaltenders
Starting : Andrei Vasilevskiy       
Backup : Kevin Lankinen           

Extra Forwards
Normal : Michael Bunting, Artemi Panarin, Frederick Gaudreau - PP : Michael Bunting, Artemi Panarin - PK : Frederick Gaudreau
Extra Defensemen
Normal : Mikey Anderson, Vladislav Gavrikov, Alec Martinez - PP : Mikey Anderson - PK : Vladislav Gavrikov, Alec Martinez
Penalty Shots
Auston Matthews, Ryan Nugent-Hopkins, Mark Scheifele, Sam Reinhart, Rickard Rakell

Scratches
Morgan Frost (Healthy)

% Time on Ice - LOS ANGELES Kings

Lines # - Real PCT - Wanted PCT - Time Play
Normal Forward
1 - 36% - 40% - 18:31
2 - 33% - 30% - 16:44
3 - 25% - 20% - 12:35
4 - 6% - 10% - 3:15
Normal Defense
1 - 38% - 40% - 19:18
2 - 32% - 30% - 16:17
3 - 27% - 20% - 13:50
4 - 3% - 10% - 1:40
PP Forward
1 - 48% - 60% - 1:55
2 - 52% - 40% - 2:03
PP Defense
1 - 43% - 60% - 1:42
2 - 57% - 40% - 2:16
PK Forward
1 - 100% - 60% - 3:24
2 - 0% - 40% - 0:00
PK Defense
1 - 91% - 60% - 3:06
2 - 9% - 40% - 0:18
PK3 Forward
1 - 80% - 60% - 1:14
2 - 20% - 40% - 0:19
PK3 Defense
1 - 82% - 60% - 1:16
2 - 18% - 40% - 0:17
44 Forward
1 - 0% - 60%
2 - 0% - 40%
44 Defense
1 - 0% - 60%
2 - 0% - 40%
Last Minute Offensive  - 0:00
Last Minute Defensive  - 0:00
Total
Forward - 60:00
Defense - 60:00

% Time on Ice - ARIZONA Coyotes

Lines # - Real PCT - Wanted PCT - Time Play
Normal Forward
1 - 40% - 45% - 20:21
2 - 29% - 35% - 15:02
3 - 19% - 20% - 9:31
4 - 12% - 0% - 6:11
Normal Defense
1 - 39% - 43% - 20:00
2 - 32% - 32% - 16:26
3 - 26% - 25% - 13:29
4 - 2% - 0% - 1:10
PP Forward
1 - 54% - 80% - 2:41
2 - 46% - 20% - 2:16
PP Defense
1 - 46% - 80% - 2:16
2 - 54% - 20% - 2:41
PK Forward
1 - 100% - 68% - 3:58
2 - 0% - 32% - 0:00
PK Defense
1 - 53% - 69% - 2:07
2 - 47% - 31% - 1:51
PK3 Forward
1 - 0% - 60%
2 - 0% - 40%
PK3 Defense
1 - 0% - 60%
2 - 0% - 40%
44 Forward
1 - 0% - 60%
2 - 0% - 40%
44 Defense
1 - 0% - 60%
2 - 0% - 40%
Last Minute Offensive  - 0:00
Last Minute Defensive  - 0:00
Total
Forward - 60:00
Defense - 60:00

Play-by-Play

1st period


0:01 of 1st period - Artemi Panarin wins face-off versus Dawson Mercer in neutral zone.
0:14 of 1st period - Shot by Auston Matthews.
0:14 of 1st period - Goal by Auston Matthews - LOS ANGELES Kings : 0 - ARIZONA Coyotes : 1.
0:15 of 1st period - Anze Kopitar wins face-off versus Mark Scheifele in neutral zone.
0:39 of 1st period - Shot by Mark Scheifele.
0:39 of 1st period - Shot Blocked by Hampus Lindholm.
0:41 of 1st period - Shot by Ryan Nugent-Hopkins.
0:41 of 1st period - Shot Misses the Net.
1:23 of 1st period - Shot by Marcus Pettersson.
1:23 of 1st period - Stopped by Andrei Vasilevskiy without a rebound.
1:24 of 1st period - Dawson Mercer wins face-off versus Frederick Gaudreau in ARIZONA Coyotes zone.
1:37 of 1st period - Shot by Dawson Mercer.
1:37 of 1st period - Stopped by Andrei Vasilevskiy without a rebound.
1:38 of 1st period - Auston Matthews wins face-off versus Oskar Sundqvist in ARIZONA Coyotes zone.
1:57 of 1st period - Shot by Auston Matthews.
1:57 of 1st period - Stopped by Vitek Vanecek with a rebound.
1:59 of 1st period - Shot by Scott Mayfield.
1:59 of 1st period - Stopped by Vitek Vanecek without a rebound.
2:00 of 1st period - Dawson Mercer wins face-off versus Frederick Gaudreau in LOS ANGELES Kings zone.
2:00 of 1st period - Dawson Mercer is hit by Michael Bunting.
2:34 of 1st period - Shot by Dawson Mercer.
2:34 of 1st period - Shot Misses the Net.
2:36 of 1st period - Shot by Jonathan Huberdeau.
2:36 of 1st period - Stopped by Andrei Vasilevskiy without a rebound.
2:37 of 1st period - Auston Matthews wins face-off versus Oskar Sundqvist in ARIZONA Coyotes zone.
3:02 of 1st period - Shot by Auston Matthews.
3:02 of 1st period - Shot Misses the Net.
3:19 of 1st period - Shot by Auston Matthews.
3:19 of 1st period - Stopped by Vitek Vanecek without a rebound.
3:20 of 1st period - Mark Scheifele wins face-off versus Joel Kiviranta in LOS ANGELES Kings zone.
3:21 of 1st period - Shot by Roman Josi.
3:21 of 1st period - Stopped by Vitek Vanecek without a rebound.
3:22 of 1st period - Mark Scheifele wins face-off versus Joel Kiviranta in LOS ANGELES Kings zone.
4:02 of 1st period - Rickard Rakell is hit by Joel Kiviranta.
4:20 of 1st period - Shot by Anze Kopitar.
4:20 of 1st period - Shot Misses the Net.
4:22 of 1st period - Shot by Marcus Pettersson.
4:22 of 1st period - Deflect By Dominik Kubalik.
4:22 of 1st period - Stopped by Andrei Vasilevskiy with a rebound.
4:28 of 1st period - Shot by Mark Stone.
4:28 of 1st period - Stopped by Andrei Vasilevskiy without a rebound.
4:29 of 1st period - Oskar Sundqvist wins face-off versus Auston Matthews in ARIZONA Coyotes zone.
4:45 of 1st period - Shot by Sam Reinhart.
4:45 of 1st period - Stopped by Vitek Vanecek without a rebound.
4:46 of 1st period - Frederick Gaudreau wins face-off versus Anze Kopitar in LOS ANGELES Kings zone.
6:00 of 1st period - Shot by Jonathan Huberdeau.
6:00 of 1st period - Stopped by Andrei Vasilevskiy without a rebound.
6:01 of 1st period - Oskar Sundqvist wins face-off versus Auston Matthews in ARIZONA Coyotes zone.
6:14 of 1st period - Shot by Rem Pitlick.
6:14 of 1st period - Stopped by Andrei Vasilevskiy without a rebound.
6:15 of 1st period - Dawson Mercer wins face-off versus Mark Scheifele in ARIZONA Coyotes zone.
6:54 of 1st period - Shot by Dawson Mercer.
6:54 of 1st period - Shot Blocked by Vladislav Gavrikov.
6:56 of 1st period - Shot by Mitchell Marner.
6:56 of 1st period - Stopped by Andrei Vasilevskiy with a rebound.
7:25 of 1st period - Off-side.
7:26 of 1st period - Oskar Sundqvist wins face-off versus Auston Matthews in neutral zone.
7:54 of 1st period - Artemi Panarin is hit by Calle Rosen and loses puck.
8:13 of 1st period - Icing by Calle Rosen.
8:14 of 1st period - Brandon Sutter wins face-off versus Oskar Sundqvist in LOS ANGELES Kings zone.
8:39 of 1st period - Shot by Garnet Hathaway.
8:39 of 1st period - Stopped by Vitek Vanecek without a rebound.
8:40 of 1st period - Mark Scheifele wins face-off versus Dawson Mercer in LOS ANGELES Kings zone.
8:51 of 1st period - Shot by Mark Scheifele.
8:51 of 1st period - Goal by Mark Scheifele - LOS ANGELES Kings : 0 - ARIZONA Coyotes : 2.
8:52 of 1st period - Auston Matthews wins face-off versus Anze Kopitar in neutral zone.
9:13 of 1st period - Shot by Auston Matthews.
9:13 of 1st period - Shot Blocked by Dominik Kubalik.
10:24 of 1st period - Jonathan Huberdeau is hit by Roman Josi and loses puck.
11:03 of 1st period - Icing by Drew Doughty.
11:04 of 1st period - Dawson Mercer wins face-off versus Brandon Sutter in LOS ANGELES Kings zone.
11:54 of 1st period - Hampus Lindholm is hit by Artemi Panarin and loses puck.
11:58 of 1st period - Rasmus Andersson is hit by Mikey Anderson and loses puck.
12:27 of 1st period - Shot by Oskar Sundqvist.
12:27 of 1st period - Stopped by Andrei Vasilevskiy without a rebound.
12:28 of 1st period - Joel Kiviranta wins face-off versus Mark Scheifele in ARIZONA Coyotes zone.
12:53 of 1st period - Shot by Ryan Nugent-Hopkins.
12:53 of 1st period - Stopped by Vitek Vanecek without a rebound.
12:54 of 1st period - Frederick Gaudreau wins face-off versus Oskar Sundqvist in LOS ANGELES Kings zone.
13:21 of 1st period - Shot by Oskar Sundqvist.
13:21 of 1st period - Stopped by Andrei Vasilevskiy without a rebound.
13:22 of 1st period - Auston Matthews wins face-off versus Anze Kopitar in ARIZONA Coyotes zone.
13:59 of 1st period - Shot by Auston Matthews.
13:59 of 1st period - Shot Misses the Net.
14:07 of 1st period - Shot by Artemi Panarin.
14:07 of 1st period - Goal by Artemi Panarin - LOS ANGELES Kings : 0 - ARIZONA Coyotes : 3.
14:08 of 1st period - Mark Scheifele wins face-off versus Dawson Mercer in neutral zone.
14:08 of 1st period - Mark Scheifele is hit by Dawson Mercer.
14:32 of 1st period - Shot by Rickard Rakell.
14:32 of 1st period - Stopped by Vitek Vanecek with a rebound.
14:41 of 1st period - Icing by Rasmus Andersson.
14:42 of 1st period - Frederick Gaudreau wins face-off versus Dawson Mercer in LOS ANGELES Kings zone.
15:06 of 1st period - Shot by Ryan Hartman.
15:06 of 1st period - Stopped by Vitek Vanecek with a rebound.
15:21 of 1st period - Icing by Rasmus Andersson.
15:22 of 1st period - Dawson Mercer wins face-off versus Auston Matthews in LOS ANGELES Kings zone.
15:42 of 1st period - Icing by Marc Staal.
15:43 of 1st period - Mark Scheifele wins face-off versus Mark Stone in LOS ANGELES Kings zone.
15:54 of 1st period - Ryan Nugent-Hopkins is hit by Anze Kopitar and loses puck.
17:17 of 1st period - Shot by Rem Pitlick.
17:17 of 1st period - Shot Misses the Net.
17:22 of 1st period - Icing by Roman Josi.
17:23 of 1st period - Auston Matthews wins face-off versus Dawson Mercer in ARIZONA Coyotes zone.
18:42 of 1st period - Shot by Oskar Sundqvist.
18:42 of 1st period - Shot Misses the Net.
18:44 of 1st period - Shot by Carl Grundstrom.
18:44 of 1st period - Shot Misses the Net.
18:46 of 1st period - Shot by Marcus Pettersson.
18:46 of 1st period - Shot Misses the Net.
18:48 of 1st period - Shot by Calle Rosen.
18:48 of 1st period - Stopped by Andrei Vasilevskiy without a rebound.
18:49 of 1st period - Joel Kiviranta wins face-off versus Mark Scheifele in ARIZONA Coyotes zone.
19:06 of 1st period - Shot by Pierre Engvall.
19:06 of 1st period - Shot Blocked by Scott Mayfield.
19:08 of 1st period - Shot by Marc Staal.
19:08 of 1st period - Stopped by Andrei Vasilevskiy without a rebound.
19:09 of 1st period - Anze Kopitar wins face-off versus Brandon Sutter in ARIZONA Coyotes zone.
19:12 of 1st period - Shot by Anze Kopitar.
19:12 of 1st period - Stopped by Andrei Vasilevskiy without a rebound.
19:13 of 1st period - Dominik Kubalik wins face-off versus Auston Matthews in ARIZONA Coyotes zone.
19:26 of 1st period - Shot by Mark Stone.
19:26 of 1st period - Deflect By Anze Kopitar.
19:26 of 1st period - Shot Misses the Net.
19:28 of 1st period - Shot by Hampus Lindholm.
19:28 of 1st period - Stopped by Andrei Vasilevskiy without a rebound.
19:29 of 1st period - Dawson Mercer wins face-off versus Mark Scheifele in ARIZONA Coyotes zone.
Goals for this period are 0 for LOS ANGELES Kings vs 3 for ARIZONA Coyotes.
Shots for this period are 14 for LOS ANGELES Kings vs 12 for ARIZONA Coyotes.

2nd period


0:01 of 2nd period - Auston Matthews wins face-off versus Dawson Mercer in neutral zone.
0:20 of 2nd period - Shot by Artemi Panarin.
0:20 of 2nd period - Deflect By Auston Matthews.
0:20 of 2nd period - Stopped by Vitek Vanecek without a rebound.
0:21 of 2nd period - Anze Kopitar wins face-off versus Mark Scheifele in LOS ANGELES Kings zone.
1:39 of 2nd period - Shot by Mitchell Marner.
1:39 of 2nd period - Shot Misses the Net.
4:06 of 2nd period - Shot by Rickard Rakell.
4:06 of 2nd period - Stopped by Vitek Vanecek without a rebound.
4:07 of 2nd period - Sam Reinhart wins face-off versus Oskar Sundqvist in LOS ANGELES Kings zone.
4:07 of 2nd period - Sam Reinhart is hit by Calle Rosen.
4:23 of 2nd period - Artemi Panarin is hit by Marcus Pettersson and loses puck.
4:38 of 2nd period - Shot by Auston Matthews.
4:38 of 2nd period - Stopped by Vitek Vanecek with a rebound.
4:39 of 2nd period - Minor Penalty to Marcus Pettersson for Cross-checking.
4:40 of 2nd period - Anze Kopitar wins face-off versus Sam Reinhart in LOS ANGELES Kings zone.
5:13 of 2nd period - Shot by Rickard Rakell.
5:13 of 2nd period - Stopped by Vitek Vanecek without a rebound.
5:14 of 2nd period - Auston Matthews wins face-off versus Anze Kopitar in LOS ANGELES Kings zone.
5:26 of 2nd period - Icing by Scott Mayfield.
5:27 of 2nd period - Anze Kopitar wins face-off versus Auston Matthews in ARIZONA Coyotes zone.
5:43 of 2nd period - Icing by Mark Scheifele.
5:44 of 2nd period - Anze Kopitar wins face-off versus Artemi Panarin in ARIZONA Coyotes zone.
6:22 of 2nd period - Off-side.
6:23 of 2nd period - Rickard Rakell wins face-off versus Mitchell Marner in neutral zone.
6:43 of 2nd period - Icing by Rem Pitlick.
6:44 of 2nd period - Brandon Sutter wins face-off versus Oskar Sundqvist in LOS ANGELES Kings zone.
6:53 of 2nd period - Marcus Pettersson is hit by Garnet Hathaway and loses puck.
7:09 of 2nd period - Icing by Vladislav Gavrikov.
7:10 of 2nd period - Brandon Sutter wins face-off versus Dominik Kubalik in ARIZONA Coyotes zone.
7:41 of 2nd period - Nick Bonino is hit by Mark Stone and loses puck.
7:51 of 2nd period - Icing by Vladislav Gavrikov.
7:52 of 2nd period - Brandon Sutter wins face-off versus Dawson Mercer in ARIZONA Coyotes zone.
8:02 of 2nd period - Icing by Marcus Pettersson.
8:03 of 2nd period - Auston Matthews wins face-off versus Dawson Mercer in LOS ANGELES Kings zone.
8:06 of 2nd period - Shot by Auston Matthews.
8:06 of 2nd period - Stopped by Vitek Vanecek without a rebound.
8:07 of 2nd period - Sam Reinhart wins face-off versus Joel Kiviranta in LOS ANGELES Kings zone.
8:10 of 2nd period - Shot by Sam Reinhart.
8:10 of 2nd period - Deflect By Artemi Panarin.
8:10 of 2nd period - Goal by Artemi Panarin - LOS ANGELES Kings : 0 - ARIZONA Coyotes : 4.
8:11 of 2nd period - Auston Matthews wins face-off versus Dawson Mercer in neutral zone.
8:39 of 2nd period - Shot by Jonathan Huberdeau.
8:39 of 2nd period - Shot Misses the Net.
8:41 of 2nd period - Shot by Marc Staal.
8:41 of 2nd period - Shot Hit the Post.
8:43 of 2nd period - Shot by Dawson Mercer.
8:43 of 2nd period - Goal by Dawson Mercer - LOS ANGELES Kings : 1 - ARIZONA Coyotes : 4.
8:44 of 2nd period - Anze Kopitar wins face-off versus Mark Scheifele in neutral zone.
9:39 of 2nd period - Roman Josi is hit by Pierre Engvall.
9:40 of 2nd period - Minor Penalty to Mitchell Marner for Hooking.
9:41 of 2nd period - Auston Matthews wins face-off versus Anze Kopitar in LOS ANGELES Kings zone.
9:49 of 2nd period - Shot by Scott Mayfield.
9:49 of 2nd period - Stopped by Vitek Vanecek without a rebound.
9:50 of 2nd period - Anze Kopitar wins face-off versus Auston Matthews in LOS ANGELES Kings zone.
10:05 of 2nd period - Hampus Lindholm is hit by Auston Matthews and loses puck.
10:13 of 2nd period - Shot by Auston Matthews.
10:13 of 2nd period - Goal by Auston Matthews - LOS ANGELES Kings : 1 - ARIZONA Coyotes : 5.
10:13 of 2nd period - Kaapo Kahkonen enters game.
10:14 of 2nd period - Brandon Sutter wins face-off versus Dawson Mercer in neutral zone.
10:19 of 2nd period - Shot by Nick Bonino.
10:19 of 2nd period - Shot Blocked by Marcus Pettersson.
10:24 of 2nd period - Brandon Sutter is hit by Marcus Pettersson and loses puck.
10:34 of 2nd period - Garnet Hathaway is hit by Calle Rosen and loses puck.
10:49 of 2nd period - Shot by Garnet Hathaway.
10:49 of 2nd period - Stopped by Kaapo Kahkonen without a rebound.
10:50 of 2nd period - Auston Matthews wins face-off versus Oskar Sundqvist in LOS ANGELES Kings zone.
11:00 of 2nd period - Sam Reinhart is hit by Marc Staal and loses puck.
11:14 of 2nd period - Rem Pitlick is hit by Artemi Panarin.
11:22 of 2nd period - Artemi Panarin is hit by Carl Grundstrom and loses puck.
11:24 of 2nd period - Minor Penalty to Rem Pitlick for Tripping.
11:25 of 2nd period - Sam Reinhart wins face-off versus Mitchell Marner in LOS ANGELES Kings zone.
11:25 of 2nd period - Sam Reinhart is hit by Marcus Pettersson.
11:50 of 2nd period - Minor Penalty to Marcus Pettersson for High sticking.
11:51 of 2nd period - Anze Kopitar wins face-off versus Auston Matthews in LOS ANGELES Kings zone.
11:51 of 2nd period - Anze Kopitar is hit by Auston Matthews.
12:29 of 2nd period - Shot by Auston Matthews.
12:29 of 2nd period - Stopped by Kaapo Kahkonen without a rebound.
12:30 of 2nd period - Anze Kopitar wins face-off versus Rickard Rakell in LOS ANGELES Kings zone.
13:05 of 2nd period - Icing by Roman Josi.
13:06 of 2nd period - Sam Reinhart wins face-off versus Mitchell Marner in ARIZONA Coyotes zone.
13:13 of 2nd period - Shot by Ryan Nugent-Hopkins.
13:13 of 2nd period - Shot Misses the Net.
13:41 of 2nd period - Shot by Mark Scheifele.
13:41 of 2nd period - Deflect By Auston Matthews.
13:41 of 2nd period - Shot Misses the Net.
14:20 of 2nd period - Jonas Siegenthaler is hit by Drew Doughty and loses puck.
14:25 of 2nd period - Shot by Nick Bonino.
14:25 of 2nd period - Stopped by Kaapo Kahkonen without a rebound.
14:26 of 2nd period - Frederick Gaudreau wins face-off versus Dominik Kubalik in LOS ANGELES Kings zone.
14:29 of 2nd period - Shot by Ryan Hartman.
14:29 of 2nd period - Stopped by Kaapo Kahkonen with a rebound.
14:31 of 2nd period - Shot by Mikey Anderson.
14:31 of 2nd period - Stopped by Kaapo Kahkonen with a rebound.
15:46 of 2nd period - Shot by Sam Reinhart.
15:46 of 2nd period - Shot Blocked by Mitchell Marner.
15:48 of 2nd period - Shot by Roman Josi.
15:48 of 2nd period - Shot Misses the Net.
15:50 of 2nd period - Shot by Auston Matthews.
15:50 of 2nd period - Shot Blocked by Hampus Lindholm.
16:56 of 2nd period - Shot by Rickard Rakell.
16:56 of 2nd period - Stopped by Kaapo Kahkonen with a rebound.
17:06 of 2nd period - Shot by Rickard Rakell.
17:06 of 2nd period - Shot Misses the Net.
17:08 of 2nd period - Shot by Mark Scheifele.
17:08 of 2nd period - Shot Misses the Net.
17:10 of 2nd period - Shot by Ryan Nugent-Hopkins.
17:10 of 2nd period - Deflect By Mark Scheifele.
17:10 of 2nd period - Shot Blocked by Drew Doughty.
17:38 of 2nd period - Shot by Nick Bonino.
17:38 of 2nd period - Stopped by Kaapo Kahkonen without a rebound.
17:39 of 2nd period - Brandon Sutter wins face-off versus Anze Kopitar in LOS ANGELES Kings zone.
18:46 of 2nd period - Icing by Calle Rosen.
18:47 of 2nd period - Artemi Panarin wins face-off versus Anze Kopitar in LOS ANGELES Kings zone.
19:17 of 2nd period - Shot by Mitchell Marner.
19:17 of 2nd period - Shot Misses the Net.
19:19 of 2nd period - Shot by Mitchell Marner.
19:19 of 2nd period - Shot Misses the Net.
19:47 of 2nd period - Jonas Siegenthaler is hit by Jonathan Huberdeau and loses puck.
19:58 of 2nd period - Shot by Drew Doughty.
19:58 of 2nd period - Stopped by Andrei Vasilevskiy with a rebound.
Goals for this period are 1 for LOS ANGELES Kings vs 2 for ARIZONA Coyotes.
Shots for this period are 2 for LOS ANGELES Kings vs 15 for ARIZONA Coyotes.

3rd period


0:01 of 3rd period - Dawson Mercer wins face-off versus Auston Matthews in neutral zone.
0:22 of 3rd period - Shot by Auston Matthews.
0:22 of 3rd period - Shot Misses the Net.
0:42 of 3rd period - Shot by Artemi Panarin.
0:42 of 3rd period - Shot Misses the Net.
0:44 of 3rd period - Shot by Roman Josi.
0:44 of 3rd period - Stopped by Kaapo Kahkonen without a rebound.
0:45 of 3rd period - Dominik Kubalik wins face-off versus Ryan Nugent-Hopkins in LOS ANGELES Kings zone.
1:38 of 3rd period - Icing by Ryan Nugent-Hopkins.
1:39 of 3rd period - Mark Scheifele wins face-off versus Joel Kiviranta in ARIZONA Coyotes zone.
2:11 of 3rd period - Shot by Drew Doughty.
2:11 of 3rd period - Shot Blocked by Vladislav Gavrikov.
2:13 of 3rd period - Shot by Pierre Engvall.
2:13 of 3rd period - Stopped by Andrei Vasilevskiy with a rebound.
2:27 of 3rd period - Shot by Auston Matthews.
2:27 of 3rd period - Stopped by Kaapo Kahkonen without a rebound.
2:28 of 3rd period - Frederick Gaudreau wins face-off versus Oskar Sundqvist in LOS ANGELES Kings zone.
2:36 of 3rd period - Minor Penalty to Scott Mayfield for Interference.
2:37 of 3rd period - Brandon Sutter wins face-off versus Anze Kopitar in ARIZONA Coyotes zone.
3:13 of 3rd period - Icing by Hampus Lindholm.
3:14 of 3rd period - Brandon Sutter wins face-off versus Anze Kopitar in LOS ANGELES Kings zone.
3:22 of 3rd period - Icing by Marcus Pettersson.
3:23 of 3rd period - Anze Kopitar wins face-off versus Brandon Sutter in LOS ANGELES Kings zone.
3:32 of 3rd period - Shot by Hampus Lindholm.
3:32 of 3rd period - Stopped by Andrei Vasilevskiy without a rebound.
3:33 of 3rd period - Brandon Sutter wins face-off versus Pierre Engvall in ARIZONA Coyotes zone.
3:46 of 3rd period - Ryan Nugent-Hopkins is hit by Pierre Engvall and loses puck.
4:44 of 3rd period - Icing by Scott Mayfield.
4:45 of 3rd period - Auston Matthews wins face-off versus Oskar Sundqvist in ARIZONA Coyotes zone.
4:45 of 3rd period - Auston Matthews is hit by Carl Grundstrom.
5:17 of 3rd period - Shot by Oskar Sundqvist.
5:17 of 3rd period - Shot Misses the Net.
5:19 of 3rd period - Shot by Oskar Sundqvist.
5:19 of 3rd period - Stopped by Andrei Vasilevskiy with a rebound.
5:53 of 3rd period - Shot by Rickard Rakell.
5:53 of 3rd period - Stopped by Kaapo Kahkonen with a rebound.
5:55 of 3rd period - Shot by Jonas Siegenthaler.
5:55 of 3rd period - Stopped by Kaapo Kahkonen without a rebound.
5:56 of 3rd period - Anze Kopitar wins face-off versus Mark Scheifele in LOS ANGELES Kings zone.
5:56 of 3rd period - Anze Kopitar is hit by Ryan Nugent-Hopkins.
6:01 of 3rd period - Rasmus Andersson is hit by Ryan Nugent-Hopkins.
6:15 of 3rd period - Shot by Rickard Rakell.
6:15 of 3rd period - Shot Blocked by Mark Stone.
6:17 of 3rd period - Shot by Alec Martinez.
6:17 of 3rd period - Stopped by Kaapo Kahkonen with a rebound.
6:19 of 3rd period - Shot by Mark Scheifele.
6:19 of 3rd period - Stopped by Kaapo Kahkonen with a rebound.
6:54 of 3rd period - Icing by Jonas Siegenthaler.
6:55 of 3rd period - Mark Scheifele wins face-off versus Dawson Mercer in ARIZONA Coyotes zone.
7:24 of 3rd period - Shot by Dawson Mercer.
7:24 of 3rd period - Stopped by Andrei Vasilevskiy without a rebound.
7:25 of 3rd period - Oskar Sundqvist wins face-off versus Artemi Panarin in ARIZONA Coyotes zone.
8:28 of 3rd period - Shot by Michael Bunting.
8:28 of 3rd period - Stopped by Kaapo Kahkonen with a rebound.
8:30 of 3rd period - Shot by Vladislav Gavrikov.
8:30 of 3rd period - Shot Misses the Net.
8:32 of 3rd period - Shot by Roman Josi.
8:32 of 3rd period - Stopped by Kaapo Kahkonen without a rebound.
8:33 of 3rd period - Brandon Sutter wins face-off versus Dawson Mercer in LOS ANGELES Kings zone.
8:40 of 3rd period - Shot by Garnet Hathaway.
8:40 of 3rd period - Shot Blocked by Drew Doughty.
8:42 of 3rd period - Shot by Nick Bonino.
8:42 of 3rd period - Shot Misses the Net.
8:44 of 3rd period - Shot by Garnet Hathaway.
8:44 of 3rd period - Shot Misses the Net.
9:01 of 3rd period - Shot by Nick Bonino.
9:01 of 3rd period - Stopped by Kaapo Kahkonen with a rebound.
9:03 of 3rd period - Shot by Brandon Sutter.
9:03 of 3rd period - Stopped by Kaapo Kahkonen without a rebound.
9:04 of 3rd period - Anze Kopitar wins face-off versus Mark Scheifele in LOS ANGELES Kings zone.
9:09 of 3rd period - Shot by Hampus Lindholm.
9:09 of 3rd period - Stopped by Andrei Vasilevskiy without a rebound.
9:10 of 3rd period - Auston Matthews wins face-off versus Anze Kopitar in ARIZONA Coyotes zone.
9:58 of 3rd period - Icing by Rasmus Andersson.
9:59 of 3rd period - Anze Kopitar wins face-off versus Mark Scheifele in LOS ANGELES Kings zone.
10:03 of 3rd period - Rasmus Andersson is hit by Vladislav Gavrikov and loses puck.
10:15 of 3rd period - Marc Staal is hit by Ryan Nugent-Hopkins and loses puck.
10:23 of 3rd period - Mitchell Marner is hit by Roman Josi and loses puck.
10:27 of 3rd period - Jonathan Huberdeau is hit by Roman Josi and loses puck.
10:31 of 3rd period - Minor Penalty to Vladislav Gavrikov for Hooking.
10:32 of 3rd period - Brandon Sutter wins face-off versus Pierre Engvall in ARIZONA Coyotes zone.
10:32 of 3rd period - Brandon Sutter is hit by Pierre Engvall.
11:00 of 3rd period - Shot by Hampus Lindholm.
11:00 of 3rd period - Shot Blocked by Brandon Sutter.
11:02 of 3rd period - Shot by Hampus Lindholm.
11:02 of 3rd period - Shot Misses the Net.
11:32 of 3rd period - Shot by Drew Doughty.
11:32 of 3rd period - Deflect By Jonathan Huberdeau.
11:32 of 3rd period - Shot Blocked by Alec Martinez.
12:11 of 3rd period - Marcus Pettersson is hit by Rickard Rakell and loses puck.
12:35 of 3rd period - Auston Matthews is hit by Oskar Sundqvist and loses puck.
13:50 of 3rd period - Shot by Rasmus Andersson.
13:50 of 3rd period - Shot Blocked by Mikey Anderson.
13:52 of 3rd period - Shot by Mark Stone.
13:52 of 3rd period - Stopped by Andrei Vasilevskiy without a rebound.
13:53 of 3rd period - Oskar Sundqvist wins face-off versus Frederick Gaudreau in ARIZONA Coyotes zone.
14:40 of 3rd period - Marc Staal is hit by Ryan Hartman and loses puck.
14:48 of 3rd period - Icing by Mark Stone.
14:49 of 3rd period - Mark Scheifele wins face-off versus Mark Stone in LOS ANGELES Kings zone.
14:58 of 3rd period - Shot by Anze Kopitar.
14:58 of 3rd period - Stopped by Andrei Vasilevskiy without a rebound.
14:59 of 3rd period - Dawson Mercer wins face-off versus Auston Matthews in ARIZONA Coyotes zone.
15:36 of 3rd period - Shot by Auston Matthews.
15:36 of 3rd period - Stopped by Kaapo Kahkonen without a rebound.
15:37 of 3rd period - Oskar Sundqvist wins face-off versus Rickard Rakell in LOS ANGELES Kings zone.
15:43 of 3rd period - Rasmus Andersson is hit by Mikey Anderson and loses puck.
16:28 of 3rd period - Icing by Mikey Anderson.
16:29 of 3rd period - Mark Scheifele wins face-off versus Dawson Mercer in ARIZONA Coyotes zone.
16:42 of 3rd period - Shot by Dawson Mercer.
16:42 of 3rd period - Shot Blocked by Roman Josi.
16:44 of 3rd period - Shot by Dawson Mercer.
16:44 of 3rd period - Stopped by Andrei Vasilevskiy without a rebound.
16:45 of 3rd period - Auston Matthews wins face-off versus Anze Kopitar in ARIZONA Coyotes zone.
16:45 of 3rd period - Auston Matthews is hit by Anze Kopitar.
16:59 of 3rd period - Shot by Auston Matthews.
16:59 of 3rd period - Shot Blocked by Marcus Pettersson.
17:01 of 3rd period - Shot by Auston Matthews.
17:01 of 3rd period - Shot Misses the Net.
17:07 of 3rd period - Shot by Sam Reinhart.
17:07 of 3rd period - Shot Blocked by Marcus Pettersson.
17:17 of 3rd period - Shot by Sam Reinhart.
17:17 of 3rd period - Shot Misses the Net.
17:41 of 3rd period - Icing by Artemi Panarin.
17:42 of 3rd period - Jonathan Huberdeau wins face-off versus Sam Reinhart in ARIZONA Coyotes zone.
17:47 of 3rd period - Shot by Jonathan Huberdeau.
17:47 of 3rd period - Shot Blocked by Vladislav Gavrikov.
17:52 of 3rd period - Off-side.
17:53 of 3rd period - Mark Scheifele wins face-off versus Joel Kiviranta in neutral zone.
17:59 of 3rd period - Off-side.
18:00 of 3rd period - Mark Scheifele wins face-off versus Jonathan Huberdeau in neutral zone.
18:09 of 3rd period - Shot by Mark Scheifele.
18:09 of 3rd period - Shot Misses the Net.
18:11 of 3rd period - Shot by Mark Scheifele.
18:11 of 3rd period - Shot Misses the Net.
18:13 of 3rd period - Shot by Jonas Siegenthaler.
18:13 of 3rd period - Shot Misses the Net.
18:15 of 3rd period - Shot by Alec Martinez.
18:15 of 3rd period - Stopped by Kaapo Kahkonen with a rebound.
18:41 of 3rd period - Shot by Ryan Nugent-Hopkins.
18:41 of 3rd period - Stopped by Kaapo Kahkonen without a rebound.
18:42 of 3rd period - Anze Kopitar wins face-off versus Frederick Gaudreau in LOS ANGELES Kings zone.
19:27 of 3rd period - Shot by Hampus Lindholm.
19:27 of 3rd period - Goal by Hampus Lindholm - LOS ANGELES Kings : 2 - ARIZONA Coyotes : 5.
19:28 of 3rd period - Sam Reinhart wins face-off versus Joel Kiviranta in neutral zone.
19:42 of 3rd period - Shot by Vladislav Gavrikov.
19:42 of 3rd period - Shot Misses the Net.
Goals for this period are 1 for LOS ANGELES Kings vs 0 for ARIZONA Coyotes.
Shots for this period are 9 for LOS ANGELES Kings vs 13 for ARIZONA Coyotes. Output by the SimonT Hockey Simulator (STHS) for Martin Benoit - Original Page W3C HTML5 Valid
Hockey Simulator - Hockey Simulation - Hockey Manager